 Dungeon Crawl Stone Soup version 0.17-a0-2231-gd80ca38 (webtiles) character file.

293 Ordine the Slasher (level 6, -2/43 HPs)
             Began as an Octopode Fighter on Oct 29, 2015.
             Slain by a centaur (8 damage)
             ... on level 4 of the Dungeon.
             The game lasted 00:08:33 (3403 turns).

Ordine the Slasher (Octopode Fighter)               Turns: 3403, Time: 00:08:33

Health: -2/43      AC:  1    Str: 15    XL:     6   Next: 33%
Magic:  6/6        EV: 13    Int: 11    God:
Gold:   169        SH:  6    Dex: 13    Spells: 0 memorised, 5 levels left

rFire  . . .     SeeInvis .     a - +0 long sword
rCold  . . .     Clarity  .     i - +1 buckler
rNeg   . . .     SustAt   .     (helmet restricted)
rPois  .         Gourm    .     (no amulet)
rElec  .         Spirit   .     g - ring of protection from magic
rCorr  .         Warding  .     (no ring)
rMut   .         Stasis   .     (no ring)
MR     +....                    (no ring)
Stlth  ++........               (no ring)
                                (no ring)
                                (no ring)
                                (no ring)

@: somewhat resistant to hostile enchantments, unstealthy
A: almost no armour, amphibious, 8 rings, constrict 8, camouflage 1, gelatinous
body 1
a: no special abilities


You were on level 4 of the Dungeon.
You were not hungry.

You visited 1 branch of the dungeon, and saw 4 of its levels.

You collected 169 gold pieces.

Inventory:

Hand Weapons
 a - a +0 long sword (weapon)
Missiles
 j - 5 poisoned needles
 k - 6 javelins (quivered)
 m - 3 tomahawks
Armour
 b - a +0 shield
 i - a +1 buckler (worn)
Jewellery
 g - a ring of protection from magic (left tentacle)
Wands
 l - a wand of cold (12)
Scrolls
 h - a scroll of recharging
Potions
 c - a potion of might
Comestibles
 d - 4 bread rations
 f - a beef jerky
 n - 9 chunks of flesh


   Skills:
 + Level 4.0 Fighting
 * Level 5.1 Long Blades
 - Level 3.0 Dodging
 + Level 4.1 Shields


You had 5 spell levels left.
You didn't know any spells.

Dungeon Overview and Level Annotations

Branches:
Dungeon (4/15)
 Temple: D:4-7

Altars:
Elyvilon
Okawaru


Innate Abilities, Weirdness & Mutations

You cannot wear most types of armour.
You are amphibious.
You can wear up to eight rings at the same time.
You can use your tentacles to constrict eight enemies at once.
Your skin changes colour to match your surroundings (Stealth).
Your rubbery body absorbs attacks (AC +1).


Message History

The centaur unwields an uncursed shortbow.
The centaur hits you.
You hit the centaur but do no damage. You squeeze the centaur.
The centaur is moderately wounded.
The centaur hits you.
You slash the centaur! You squeeze the centaur.
The centaur is almost dead.
The centaur hits you. You block the centaur's attack.
You hit the centaur.
The centaur is almost dead.
The centaur hits you!
* * * LOW HITPOINT WARNING * * *
You block the centaur's attack.
You barely miss the centaur.
The centaur is almost dead.
The centaur misses you.
You closely miss the centaur.
The centaur is almost dead.
The centaur barely misses you. The centaur hits you!
You die...

#.#.... ..#...####
#........# #........#
#####........# .# #.
..........# ...
#.###.........
....##....(@.......
........#..c......
#..#.###.#.##...... #.....
#........#.###..#######.....
#.#.###.....................
#. #..#.#.###......)....
#.###......# #.........#
#.....##...# #.........#
##..####...# #.........###


You could see a centaur.

Vanquished Creatures
  A giant frog skeleton (D:4)
  An iguana (D:3)
  An orc wizard (D:3)
  Terence (D:3)
  7 gnolls
  3 adders
  3 oozes
  A worm (D:3)
  A giant gecko (D:3)
  8 orcs
  A ball python (D:3)
  A giant cockroach (D:1)
  10 goblins
  6 hobgoblins
  10 jackals
  8 kobolds
  A quokka (D:3)
  7 bats
  4 giant newts
  3 rats
78 creatures vanquished.

Notes
Turn   | Place    | Note
--------------------------------------------------------------
     0 | D:1      | Ordine the Octopode Fighter began the quest for the Orb.
     0 | D:1      | Reached XP level 1. HP: 16/16 MP: 1/1
   311 | D:1      | Reached XP level 2. HP: 14/21 MP: 2/2
   868 | D:1      | Reached XP level 3. HP: 21/26 MP: 3/3
  1625 | D:2      | Reached XP level 4. HP: 26/31 MP: 4/4
  1630 | D:2      | Found an iron altar of Okawaru.
  1988 | D:3      | Noticed Terence
  1997 | D:3      | Killed Terence
  2102 | D:3      | Reached XP level 5. HP: 30/36 MP: 5/5
  2107 | D:3      | Reached skill level 4 in Long Blades
  3069 | D:3      | Reached XP level 6. HP: 27/43 MP: 6/6
  3217 | D:4      | Reached skill level 5 in Long Blades
  3341 | D:4      | Found a white marble altar of Elyvilon.
  3403 | D:4      | Slain by a centaur

Vault maps used:
D:1:      tarquinn_simple_flora_water_d, st_stairs_9
D:2:      okawaru_altar_gauntlet_db
D:3:      first_bread, minmay_box_of_dots, uniq_terence
D:4:      elyvilon_altar_5, nicolae_ru_the_path_less_chosen

Action                   |  1- 3 |  4- 6 || total
-------------------------+-------+-------++-------
Melee: Long sword        |    69 |   102 ||   171
Throw: Javelin           |       |     6 ||     6
  Use: Scroll            |     3 |     6 ||     9
       Potion            |       |     1 ||     1
 Stab: Sleeping          |     4 |     8 ||    12
       Distracted        |     1 |     1 ||     2
  Eat: Chunk             |     2 |     6 ||     8
